 Dungeon Crawl Stone Soup version 0.31-a0-728-g01b46875f1 (webtiles) character file.

Game seed: 5692804372159897592

3864 javelincjr the Summoner (level 10, 0/74 HPs)
             Began as a Gnoll Summoner on Sept 11, 2023.
             Was a Believer of Sif Muna.
             Slain by a killer bee (2 damage)
             ... on level 9 of the Dungeon.
             The game lasted 00:37:07 (7161 turns).

javelincjr the Summoner (Gnoll Summoner)            Turns: 7161, Time: 00:37:07

Health: 0/74       AC: 20    Str:  6 (7)  XL:     10   Next: 19%
Magic:  20/20      EV: 12    Int: 17 (19) God:    Sif Muna [**....]
Gold:   506        SH:  5    Dex: 10 (13) Spells: 17/23 levels left

rFire   . . .        u - +7 Throatcutter {drain, coup de grace}
rCold   . . .        J - +0 buckler
rNeg    . . .        x - +6 scale mail of Joppeyny {rElec}
rPois   .            q - +2 helmet
rElec   +            (no cloak)
rCorr   .            (no gloves)
SInv    .            (no boots)
Will    .....        (no amulet)
Stlth   ++           o - +5 ring of evasion
HPRegen 0.32/turn    y - +4 ring of protection
MPRegen 0.17/turn

%: no passive effects
@: mighty, lethally poisoned (0 -> -8), attractive, slowed, studying 2 skills,
very slow
A: fangs 1, strong nose, distributed training
a: Renounce Religion, Channel Magic


You were on level 9 of the Dungeon.
You worshipped Sif Muna.
Sif Muna was pleased with you.
You visited 2 branches of the dungeon, and saw 10 of its levels.

You collected 506 gold pieces.

Inventory:

Hand Weapons
 u - the +7 Throatcutter (weapon) {drain, coup de grace}
   (You found it on level 3 of the Dungeon)
 w - the +12 whip "Repoj" {holy, rElec rF+}
   (You found it on level 3 of the Dungeon)

   rF+:       It protects you from fire.
   rElec:     It insulates you from electricity.
Missiles
 f - 9 javelins
 L - a throwing net
Armour
 m - a +3 leather armour of cold resistance
 q - a +2 helmet (worn)
 x - the +6 scale mail of Joppeyny (worn) {rElec}
   (You found it on level 4 of the Dungeon)

   rElec:     It insulates you from electricity.
 E - a +3 leather armour
 J - a +0 buckler (worn)
 K - +0 acid dragon scales
Jewellery
 o - a +5 ring of evasion (left hand)
 p - a ring of fire
 y - a +4 ring of protection (right hand)
 D - an amulet of guardian spirit
 M - a ring of positive energy
Wands
 v - a wand of roots (5)
Scrolls
 c - a scroll of amnesia {unknown}
 d - a scroll of torment {unknown}
 g - 2 scrolls of vulnerability {unknown}
 h - 3 scrolls of fog
 j - 2 scrolls of identify
 n - 6 scrolls of teleportation
 B - a scroll of blinking {unknown}
 C - a scroll of revelation {unknown}
 F - 2 scrolls of immolation
 G - a scroll of poison
 I - a scroll of enchant weapon {unknown}
Potions
 b - a potion of magic
 e - 4 potions of mutation
 i - a potion of lignification {unknown}
 l - a potion of heal wounds
 r - a potion of brilliance {unknown}
 t - a potion of berserk rage {unknown}
 z - a potion of degeneration
 A - a potion of attraction
 H - 2 potions of haste {unknown}
Miscellaneous
 s - a phantom mirror


   Skills:
 + Level 5.1 Fighting
 + Level 5.1 Short Blades
 + Level 5.1 Long Blades
 + Level 5.1 Axes
 + Level 5.1 Maces & Flails
 + Level 6.7 Polearms
 + Level 5.1 Staves
 + Level 5.1 Ranged Weapons
 + Level 5.1 Throwing
 + Level 5.1 Armour
 + Level 7.0 Dodging
 + Level 7.6 Stealth
 + Level 5.1 Shields
 + Level 5.1 Unarmed Combat
 + Level 7.2 Spellcasting
 + Level 4.2 Conjurations
 + Level 4.2 Hexes
 + Level 8.4 Summonings
 + Level 4.2 Necromancy
 + Level 4.2 Translocations
 + Level 4.2 Transmutations
 + Level 4.2 Fire Magic
 + Level 4.2 Ice Magic
 + Level 4.2 Air Magic
 + Level 4.2 Earth Magic
 + Level 4.2 Poison Magic
 + Level 5.6 Invocations
 + Level 5.1 Evocations
 + Level 4.6 Shapeshifting


You had 17 spell levels left.
You knew the following spells:

 Your Spells              Type           Power      Damage    Failure   Level
a - Summon Small Mammal   Summ           100%       N/A       8%          1
b - Call Imp              Summ           68%        N/A       11%         2
c - Call Canine Familiar  Summ           34%        N/A       22%         3

Your spell library contained the following spells:

 Spells                   Type           Power      Damage    Failure   Level
 Apportation              Tloc           40%        N/A       38%         1
 Necrotise                Necr           80%        1d8       38%         1
 Summon Guardian Golem    Hex/Summ       27%        N/A       45%         3
 Sublimation of Blood     Necr           20%        N/A       52%         2
 Wereblood                Tmut           20%        N/A       52%         2
 Hailstorm                Conj/Ice       20%        3d6       77%         3
 Inner Flame              Hex/Fire       20%        N/A       77%         3
 Stone Arrow              Conj/Erth      40%        3d9       77%         3
 Animate Armour           Summ/Erth      54%        N/A       86%         4
 Summon Ice Beast         Ice/Summ       27%        N/A       86%         4
 Summon Lightning Spire   Summ/Air       27%        N/A       86%         4
 Flame Wave               Conj/Fire      20%        2d7       99%         4
 Sticky Flame             Conj/Fire      20%        2d4       99%         4
 Irradiate                Conj/Tmut      10%        3d15      100%        5
 Simulacrum               Ice/Necr       10%        N/A       100%        6
 Summon Hydra             Summ           17%        N/A       100%        7
 Lehudib's Crystal Spear  Conj/Erth      10%        10d4      100%        8


Dungeon Overview and Level Annotations

Branches:
Dungeon (9/15)             Temple (1/1) D:6
   Lair: D:8-11         Orc: D:9-12

Altars:
Cheibriados
Dithmenos
Elyvilon
Fedhas
Gozag
Hepliaklqana
Kikubaaqudgha
Makhleb
Nemelex Xobeh
Okawaru
Ru
Sif Muna
Trog
Uskayaw
Vehumet
Wu Jian
Xom
Yredelemnul
The Shining One

Shops:
D:4 [   D:5 :   D:7 =


Innate Abilities, Weirdness & Mutations

You have very sharp teeth.
Your uncanny sense of smell can sniff out nearby items.
Your experience applies equally to all skills.


Message History

The killer bee misses you.
Your cerulean imp hits the killer bee with a -1 spear.
The bullfrog hits you but does no damage.
Your hound closely misses the wraith.
The wraith hits you.
* * * LOW HITPOINT WARNING * * *
The killer bee closely misses you. x2
The killer bee stings you but does no damage.
The killer bee stings you.
* * * LOW HITPOINT WARNING * * *
Your cerulean imp closely misses the killer bee.
You feel much better.
You feel very sick. You block the killer bee's attack.
The killer bee stings you but does no damage.
You block the bullfrog's attack.
The killer bee stings you but does no damage. x2
Your hound bites the wraith but does no damage.
The wraith barely misses you. The killer bee barely misses you.
Your hound closely misses the wraith.
The bullfrog closely misses you.
The killer bee stings you but does no damage.
The killer bee barely misses you.
Your cerulean imp closely misses the killer bee.
You closely miss the killer bee. Your bite misses the killer bee.
You feel very sick. The killer bee closely misses you.
You block the killer bee's attack. The bullfrog barely misses you.
Your hound bites the wraith but does no damage.
The killer bee closely misses you. The wraith hits you.
* * * LOW HITPOINT WARNING * * *
The wraith drains your vigour!
You feel yourself slow down. The killer bee stings you.
* * * LOW HITPOINT WARNING * * *
The bullfrog barely misses you.
Your cerulean imp hits the killer bee but does no damage.
Your hound misses the wraith. The wraith hits you.
* * * LOW HITPOINT WARNING * * *
The wraith drains your vigour!
You feel as though you will be slow longer.
The killer bee stings you.
You die...

#. #. #.##.##
#.....# #.....#
#.....#
#.##....#####..
......hWy......
#@Yy.....
......yFYy..[..
^.....5Yy.)....
.##...##.....##
#... .....#
..... ...###
##... .... ##.#
.....


You could see 3 yaks, a wraith (ally target), a bullfrog, 5 killer bees, a
friendly hound (summoned) and a friendly cerulean imp (summoned).

Vanquished Creatures
  The ghost of PoweredByGinger the Firebug, an amateur DsFE (D:6)
  Grinder (D:4)
  3 yaks (D:8)
  A steam dragon (D:8)
  An acid dragon (D:8)
  Duvessa (D:4)
  2 orc warriors
  2 ice beasts
  An ogre (D:4)
  A phantom (D:7)
  2 centaurs
  A gnoll sergeant (D:8)
  9 scorpions
  6 wights
  Dowan (D:4)
  A jelly (D:7)
  3 orc priests
  2 gnoll boudas
  2 iguanas
  5 orc wizards
  2 sleepcaps
  A mummy (D:6)
  7 gnolls
  5 adders
  A shadow imp (D:7)
  An ufetubus (D:4)
  18 orcs
  A ball python (D:4)
  3 endoplasms
  3 goblins
  6 hobgoblins
  2 kobolds (D:4)
  A quokka (D:1)
  2 training dummies (D:4)
  A bat (D:1)
  3 frilled lizards
  A hobgoblin zombie (D:6)
  A kobold zombie (D:6)
105 creatures vanquished.

Vanquished Creatures (collateral kills)
  A yak (D:8)
  A centaur (D:8)
  An orc priest (D:6)
  An orc wizard (D:6)
  Robin (D:2)
  4 gnolls
  4 adders
  An ufetubus (D:3)
  2 worms
  A dart slug (D:1)
  8 orcs
  6 endoplasms
  A giant cockroach (D:1)
  10 goblins
  7 hobgoblins
  7 jackals
  5 quokkas
  2 ball pythons
  5 bats
  2 frilled lizards
  5 kobolds
  2 kobold zombies (D:6)
  3 rats
80 creatures vanquished.

Vanquished Creatures (others)
  A frilled lizard (D:2)
1 creature vanquished.

Grand Total: 186 creatures vanquished

Notes
Turn   | Place    | Note
-------+----------+-------------------------------------------
     0 | D:1      | javelincjr the Gnoll Summoner began the quest for the Orb.
     0 | D:1      | Reached XP level 1. HP: 13/13 MP: 6/6
   111 | D:1      | Reached XP level 2. HP: 10/19 MP: 4/7
   364 | D:1      | Reached XP level 3. HP: 23/25 MP: 7/9
   365 | D:1      | Reached skill level 5 in Spellcasting
   661 | D:1      | Learned a level 2 spell: Call Imp
   665 | D:1      | Learned a level 3 spell: Call Canine Familiar
  1303 | D:2      | Reached skill level 1 in Invocations
  1520 | D:2      | Reached skill level 1 in Fighting
  1520 | D:2      | Reached skill level 1 in Short Blades
  1520 | D:2      | Reached skill level 1 in Long Blades
  1520 | D:2      | Reached skill level 1 in Axes
  1520 | D:2      | Reached skill level 1 in Maces & Flails
  1520 | D:2      | Reached skill level 1 in Polearms
  1520 | D:2      | Reached skill level 1 in Staves
  1520 | D:2      | Reached skill level 1 in Ranged Weapons
  1520 | D:2      | Reached skill level 1 in Throwing
  1520 | D:2      | Reached skill level 1 in Armour
  1520 | D:2      | Reached skill level 1 in Shields
  1520 | D:2      | Reached skill level 1 in Unarmed Combat
  1520 | D:2      | Reached skill level 1 in Evocations
  1521 | D:2      | Reached XP level 4. HP: 32/32 MP: 3/11
  1619 | D:2      | Reached skill level 1 in Shapeshifting
  1623 | D:2      | Noticed Robin
  1656 | D:2      | Killed Robin
  1657 | D:2      | Reached skill level 1 in Conjurations
  1657 | D:2      | Reached skill level 1 in Hexes
  1657 | D:2      | Reached skill level 1 in Necromancy
  1657 | D:2      | Reached skill level 1 in Translocations
  1657 | D:2      | Reached skill level 1 in Transmutations
  1657 | D:2      | Reached skill level 1 in Fire Magic
  1657 | D:2      | Reached skill level 1 in Ice Magic
  1657 | D:2      | Reached skill level 1 in Air Magic
  1657 | D:2      | Reached skill level 1 in Earth Magic
  1657 | D:2      | Reached skill level 1 in Poison Magic
  2123 | D:3      | Reached XP level 5. HP: 36/37 MP: 12/12
  2546 | D:3      | Found the +7 Throatcutter {drain, coup de grace}
  2711 | D:3      | Identified the +12 whip "Repoj" {holy, rElec rF+}
  2839 | D:4      | Noticed an ogre
  2856 | D:4      | Killed an ogre
  2857 | D:4      | Reached skill level 5 in Dodging
  2857 | D:4      | Reached XP level 6. HP: 11/44 MP: 1/14
  3000 | D:4      | Identified the +6 scale mail of Joppeyny {rElec}
  3019 | D:4      | Found Ymnaul's Armour Shoppe.
  3040 | D:4      | Noticed Grinder
  3042 | D:4      | Paralysed by Grinder for 4 turns
  3062 | D:4      | Killed Grinder
  3063 | D:4      | Reached XP level 7. HP: 34/51 MP: 15/15
  3197 | D:4      | Reached skill level 5 in Stealth
  3442 | D:4      | You fall into a shaft and drop 3 floors!
  3508 | D:7      | Reached XP level 8. HP: 58/58 MP: 11/16
  3537 | D:5      | Entered Level 5 of the Dungeon
  3624 | D:5      | Found a snail-covered altar of Cheibriados.
  3717 | D:4      | Found an ancient bone altar of Kikubaaqudgha.
  3780 | D:4      | Noticed Duvessa
  3781 | D:4      | Noticed Dowan
  3789 | D:4      | Killed Duvessa
  3797 | D:4      | Killed Dowan
  4116 | D:5      | Found Pisistriu's Self-Published Books.
  4762 | D:6      | Found a staircase to the Ecumenical Temple.
  4771 | Temple   | Entered the Ecumenical Temple
  4796 | Temple   | Became a worshipper of Sif Muna the Loreminder
  5266 | D:6      | Found an opulent altar of Gozag.
  5298 | D:6      | Reached XP level 9. HP: 51/65 MP: 13/18
  5493 | D:6      | Found a runed translucent door.
  5496 | D:6      | Noticed PoweredByGinger's ghost (amateur DsFE)
  5518 | D:6      | Killed PoweredByGinger's ghost
  5518 | D:6      | Reached * piety under Sif Muna
  5519 | D:6      | Reached skill level 5 in Polearms
  5671 | D:6      | Found a glowing golden altar of the Shining One.
  5784 | D:7      | Reached skill level 8 in Summonings
  5962 | D:7      | Found Vukkari's Jewellery Shoppe.
  6291 | D:7      | Found an ornate altar of the Wu Jian Council.
  6457 | D:8      | Reached skill level 5 in Invocations
  6585 | D:8      | Reached XP level 10. HP: 73/73 MP: 20/20
  6592 | D:8      | Reached ** piety under Sif Muna
  6744 | D:8      | Reached skill level 5 in Fighting
  6744 | D:8      | Reached skill level 5 in Short Blades
  6744 | D:8      | Reached skill level 5 in Long Blades
  6744 | D:8      | Reached skill level 5 in Axes
  6744 | D:8      | Reached skill level 5 in Maces & Flails
  6744 | D:8      | Reached skill level 5 in Staves
  6744 | D:8      | Reached skill level 5 in Ranged Weapons
  6744 | D:8      | Reached skill level 5 in Throwing
  6744 | D:8      | Reached skill level 5 in Armour
  6744 | D:8      | Reached skill level 5 in Shields
  6744 | D:8      | Reached skill level 5 in Unarmed Combat
  6744 | D:8      | Reached skill level 5 in Evocations
  7157 | D:9      | HP: 3/74 [killer bee (2)]
  7161 | D:9      | Slain by a killer bee

Illustrated notes

Levels and vault maps discovered:
D:1:      lightli_arrival_maybe_door_vault, layout_loops_corners, minmay_vboxes
D:2:      layout_rooms, uniq_robin
D:3:      layout_basic, minmay_tree_intersection
D:4:      dreamdust_elfheim, layout_rooms, mainiacjoe_overflow_catwalk,
          serial_shops, shop, minmay_manual_moon, uniq_grinder
D:5:      layout_loops_ring, lemuel_tele_altar, nicolae_custom_books
D:6:      layout_cave_pools, overflow_temple_1_default, kennysheep_little_box,
          minmay_temple_entry_grid, ebering_ghost_inner_flame,
          minmay_mini_ossuary
D:7:      layout_cave_pools, mainiacjoe_overflow_cross_hatched, serial_shops,
          nicolae_shop_statue_plus
D:8:      layout_basic
D:9:      layout_basic, mainiacjoe_overflow_brackets
Temple:   nicolae_temple_ecumenical_triangle

Skill      XL: |  1  2  3  4  5  6  7  8  9 10 |
---------------+-------------------------------+-----
Spellcasting   | 5 6 7 |  7.2
Invocations    | 1 2 3 4 5 |  5.6
Fighting       | 1 2 3 4 5 |  5.1
Short Blades   | 1 2 3 4 5 |  5.1
Long Blades    | 1 2 3 4 5 |  5.1
Axes           | 1 2 3 4 5 |  5.1
Maces & Flails | 1 2 3 4 5 |  5.1
Polearms       | 1 2 3 4 6 |  6.7
Staves         | 1 2 3 4 5 |  5.1
Ranged Weapons | 1 2 3 4 5 |  5.1
Throwing       | 1 2 3 4 5 |  5.1
Armour         | 1 2 3 4 5 |  5.1
Shields        | 1 2 3 4 5 |  5.1
Unarmed Combat | 1 2 3 4 5 |  5.1
Evocations     | 1 2 3 4 5 |  5.1
Shapeshifting  | 1 2 3 4 |  4.6
Conjurations   | 1 2 3 4 |  4.2
Hexes          | 1 2 3 4 |  4.2
Necromancy     | 1 2 3 4 |  4.2
Translocations | 1 2 3 4 |  4.2
Transmutations | 1 2 3 4 |  4.2
Fire Magic     | 1 2 3 4 |  4.2
Ice Magic      | 1 2 3 4 |  4.2
Air Magic      | 1 2 3 4 |  4.2
Earth Magic    | 1 2 3 4 |  4.2
Poison Magic   | 1 2 3 4 |  4.2
Dodging        | 5 6 7 |  7.0
Stealth        | 5 7 |  7.6
Summonings     | 8 |  8.4

Action                     |  1- 3 |  4- 6 |  7- 9 | 10-12 || total
---------------------------+-------+-------+-------+-------++-------
  Melee: Unarmed           |    78 |    22 |       |       ||   100
         Bite              |    13 |    10 |    19 |     3 ||    45
         Punch             |     1 |     1 |     6 |       ||     8
         Dagger            |       |    36 |       |       ||    36
         Long sword        |       |    17 |   164 |    35 ||   216
         Whip              |       |       |    20 |       ||    20
   Cast: Summon Small Mamm |    35 |     8 |     1 |     1 ||    45
         Call Imp          |     9 |    12 |    20 |     2 ||    43
         Call Canine Famil |     4 |    11 |    19 |     5 ||    39
    Use: Scroll            |       |       |     9 |       ||     9
         Potion            |       |       |       |     7 ||     7
   Stab: Sleeping          |     2 |     1 |       |       ||     3
 Armour: Robe              |    28 |       |       |       ||    28
         Leather armour    |    19 |    29 |       |       ||    48
         Scale mail        |       |     8 |   141 |   121 ||   270
  Dodge: Dodged            |    83 |    72 |   164 |   116 ||   435
  Block: Buckler           |       |       |       |    33 ||    33

Table legend: (Time is in decaauts)
 A = Elapsed time spent in this place.
 B = Non-inter-level travel time spent in this place.
 C = Inter-level travel time spent in this place.
 D = Time resting spent in this place.
 E = Time spent auto-exploring this place.
 F = Levels seen in this place.
 G = Mean time per level.
                   A        B        C        D        E       F      G
               +--------+--------+--------+--------+--------+-----+--------+
         Total |   7205 |   6943 |    262 |    400 |   4869 |  10 |  720.5 |
       Dungeon |   6945 |   6699 |    246 |    201 |   4869 |   9 |  771.7 |
        Temple |    260 |    244 |     16 |    199 |      0 |   1 |  260.0 |
               +--------+--------+--------+--------+--------+-----+--------+

Top non-repeatable levels by time:
     D:1: 1289 daAuts
     D:4: 1037 daAuts
     D:5: 879 daAuts
     D:8: 814 daAuts
     D:6: 775 daAuts
     D:2: 740 daAuts
     D:3: 725 daAuts
     D:7: 655 daAuts
  Temple: 260 daAuts
     D:9: 27 daAuts
